TOP OF THE 1ST |
San Bernardino Grasshoppers batting - Pitching for Casper Ghosts : RHP Jeremy de Vos
|
Pitching: RHP Jeremy de Vos
|
|
Batting: RHB Domingo Bravo
|
0-0: Fly out, F9 (Flyball, 9LS)
|
Batting: RHB Oscar Gandarilla
|
0-0: Foul Ball, location: 2F 0-1: Ball 1-1: Swinging Strike 1-2: Ball 2-2: Ball 3-2: SINGLE (Line Drive, 6M)
|
Batting: RHB Griffin Woodfinlevine
|
0-0: Ball 1-0: SINGLE (Line Drive, 56D) Oscar Gandarilla to second
|
Batting: RHB Chris Costa
|
0-0: Ball 1-0: Foul Ball, location: 2F 1-1: Foul Ball, location: 2F 1-2: Foul Ball, location: 2F 1-2: Foul Ball, location: 2F 1-2: Strikes out swinging
|
Batting: LHB Natale Langushi
|
0-0: Foul Ball, location: 2F 0-1: Ball 1-1: Called Strike 1-2: Fielders Choice at 2nd, 4-6 (Groundball, 4)
|
Top of the 1st over - 0 run(s), 2 hit(s), 0 error(s), 1 left on base; San Bernardino 0 - Casper 0 |
BOTTOM OF THE 1ST |
Casper Ghosts batting - Pitching for San Bernardino Grasshoppers : RHP Delmar Llerena
|
Pitching: RHP Delmar Llerena
|
|
Batting: RHB Manny Maltby
|
0-0: Called Strike 0-1: Ball 1-1: Ball 2-1: Called Strike 2-2: Ball 3-2: Base on Balls
|
Batting: RHB Ron Thomas
|
0-0: Called Strike Manny Maltby is caught stealing 2nd base 0-1: Ball 1-1: Ball 2-1: Ball 3-1: SINGLE (Flyball, 7S)
|
Batting: RHB Henry Lambright
|
0-0: Called Strike 0-1: Foul Ball, location: 2F 0-2: Foul Ball, location: 2F 0-2: Strikes out swinging
|
Batting: RHB Jorge Díaz
|
0-0: Swinging Strike 0-1: Ground out 5-3 (Groundball, 56S)
|
Bottom of the 1st over - 0 run(s), 1 hit(s), 0 error(s), 1 left on base; San Bernardino 0 - Casper 0 |
TOP OF THE 2ND |
San Bernardino Grasshoppers batting - Pitching for Casper Ghosts : RHP Jeremy de Vos
|
Batting: LHB Eric Porter
|
0-0: Ground out 5-3 (Groundball, 2L)
|
Batting: RHB Orlando Velásquez
|
0-0: Swinging Strike 0-1: Swinging Strike 0-2: Strikes out looking
|
Batting: LHB Michael Nelson
|
0-0: Called Strike 0-1: Ball 1-1: Foul Ball, location: 2F 1-2: Foul Ball, location: 2F 1-2: Ball 2-2: Ball 3-2: Fly out, F3 (Popup, 3)
|
Top of the 2nd over - 0 run(s), 0 hit(s), 0 error(s), 0 left on base; San Bernardino 0 - Casper 0 |
BOTTOM OF THE 2ND |
Casper Ghosts batting - Pitching for San Bernardino Grasshoppers : RHP Delmar Llerena
|
Batting: RHB Ron Coffman
|
0-0: Ball 1-0: Foul Ball, location: 2F 1-1: Called Strike 1-2: Fly out, F7 (Flyball, 7S)
|
Batting: SHB Tim Fowler
|
0-0: Called Strike 0-1: Swinging Strike 0-2: Strikes out looking
|
Batting: RHB Warner Robinson
|
0-0: Ball 1-0: Ball 2-0: Ball 3-0: Base on Balls
|
Batting: RHB Bert Cook
|
0-0: Ground out 6-3 (Groundball, 6D)
|
Bottom of the 2nd over - 0 run(s), 0 hit(s), 0 error(s), 1 left on base; San Bernardino 0 - Casper 0 |
TOP OF THE 3RD |
San Bernardino Grasshoppers batting - Pitching for Casper Ghosts : RHP Jeremy de Vos
|
Batting: RHB Francisco Rodríguez
|
0-0: Foul Ball, location: 2F 0-1: Ground out 5-3 (Groundball, 56S)
|
Batting: RHB Domingo Bravo
|
0-0: Foul Ball, location: 2F 0-1: SINGLE (Groundball, 34D)
|
Batting: RHB Oscar Gandarilla
|
0-0: Called Strike Domingo Bravo steals 2nd base 0-1: Foul Ball, location: 2F 0-2: Strikes out looking
|
Batting: RHB Griffin Woodfinlevine
|
0-0: Ball 1-0: Fly out, F4 (Flyball, 4MD)
|
Top of the 3rd over - 0 run(s), 1 hit(s), 0 error(s), 1 left on base; San Bernardino 0 - Casper 0 |
BOTTOM OF THE 3RD |
Casper Ghosts batting - Pitching for San Bernardino Grasshoppers : RHP Delmar Llerena
|
Batting: SHB Alonso Rodríguez
|
0-0: Ball 1-0: Swinging Strike 1-1: Foul Ball, location: 2F 1-2: Ball 2-2: Strikes out looking
|
Batting: RHB Manny Maltby
|
0-0: Swinging Strike 0-1: Ball 1-1: Ball 2-1: Ground out 4-3 (Groundball, 4M)
|
Batting: RHB Ron Thomas
|
0-0: Ball 1-0: Ball 2-0: Ball 3-0: Base on Balls
|
Batting: RHB Henry Lambright
|
0-0: Fielders Choice at 2nd, 5-4 (Groundball, 56)
|
Bottom of the 3rd over - 0 run(s), 0 hit(s), 0 error(s), 0 left on base; San Bernardino 0 - Casper 0 |
TOP OF THE 4TH |
San Bernardino Grasshoppers batting - Pitching for Casper Ghosts : RHP Jeremy de Vos
|
Batting: RHB Chris Costa
|
0-0: Swinging Strike 0-1: Ball 1-1: Ground out 6-3 (Groundball, 6)
|
Batting: LHB Natale Langushi
|
0-0: Called Strike 0-1: Ball 1-1: Ball 2-1: Ball 3-1: Ground out 6-3 (Groundball, 56)
|
Batting: LHB Eric Porter
|
0-0: Ball 1-0: Foul Ball, location: 2F 1-1: Foul Ball, location: 2F 1-2: Fly out, F9 (Flyball, 9LDF)
|
Top of the 4th over - 0 run(s), 0 hit(s), 0 error(s), 0 left on base; San Bernardino 0 - Casper 0 |
BOTTOM OF THE 4TH |
Casper Ghosts batting - Pitching for San Bernardino Grasshoppers : RHP Delmar Llerena
|
Batting: RHB Jorge Díaz
|
0-0: Ball 1-0: Foul Ball, location: 2F 1-1: Ball 2-1: Called Strike 2-2: SOLO HOME RUN (Line Drive, 78XD), Distance : 435 ft
|
Batting: RHB Ron Coffman
|
0-0: Fly out, F8 (Flyball, 8LS)
|
Batting: SHB Tim Fowler
|
0-0: Called Strike 0-1: Ball 1-1: SINGLE (Flyball, 7LS)
|
Batting: RHB Warner Robinson
|
0-0: Ball 1-0: Foul Ball, location: 2F 1-1: Ball 2-1: Foul Ball, location: 2F 2-2: Fly out, F8 (Flyball, 8RM)
|
Batting: RHB Bert Cook
|
0-0: Ball 1-0: Ball 2-0: Ball Tim Fowler steals 2nd base 3-0: Called Strike 3-1: Foul Ball, location: 2F 3-2: Strikes out looking
|
Bottom of the 4th over - 1 run(s), 2 hit(s), 0 error(s), 1 left on base; San Bernardino 0 - Casper 1 |
TOP OF THE 5TH |
San Bernardino Grasshoppers batting - Pitching for Casper Ghosts : RHP Jeremy de Vos
|
Batting: RHB Orlando Velásquez
|
0-0: Called Strike 0-1: Hit by Pitch
|
Batting: LHB Michael Nelson
|
0-0: Ball 1-0: Bunted foul 1-1: Ball 2-1: Bunt missed! 2-2: Ball 3-2: Foul Ball, location: 2F 3-2: Fielders Choice at 2nd, 4-6 (Groundball, 34)
|
Batting: RHB Francisco Rodríguez
|
0-0: Called Strike 0-1: Ball 1-1: Called Strike Michael Nelson is caught stealing 2nd base 1-2: Ball 2-2: Ball 3-2: SINGLE (Groundball, 56) (infield hit)
|
Batting: RHB Domingo Bravo
|
0-0: Ball Francisco Rodríguez is caught stealing 2nd base
|
Top of the 5th over - 0 run(s), 1 hit(s), 0 error(s), 0 left on base; San Bernardino 0 - Casper 1 |
BOTTOM OF THE 5TH |
Casper Ghosts batting - Pitching for San Bernardino Grasshoppers : RHP Delmar Llerena
|
Batting: SHB Alonso Rodríguez
|
0-0: Ball 1-0: Foul Ball, location: 2F 1-1: Foul Ball, location: 2F 1-2: Fly out, F9 (Flyball, 89S)
|
Batting: RHB Manny Maltby
|
0-0: Called Strike 0-1: Ground out 4-3 (Groundball, 4)
|
Batting: RHB Ron Thomas
|
0-0: Ball 1-0: Called Strike 1-1: Foul Ball, location: 2F 1-2: Strikes out looking
|
Bottom of the 5th over - 0 run(s), 0 hit(s), 0 error(s), 0 left on base; San Bernardino 0 - Casper 1 |
TOP OF THE 6TH |
San Bernardino Grasshoppers batting - Pitching for Casper Ghosts : RHP Jeremy de Vos
|
Batting: RHB Domingo Bravo
|
0-0: Ball 1-0: Foul Ball, location: 2F 1-1: Foul Ball, location: 2F 1-2: Foul Ball, location: 2F 1-2: DOUBLE (Line Drive, 9LS)
|
Pinch Runner at 2nd Roberto Ruíz:
|
|
Batting: RHB Oscar Gandarilla
|
0-0: Swinging Strike 0-1: Ball 1-1: Ground out 5-3 (Groundball, 56)
|
Batting: RHB Griffin Woodfinlevine
|
0-0: Ground out U3 (Groundball, 3L) Roberto Ruíz to third
|
Batting: RHB Chris Costa
|
0-0: Called Strike 0-1: Ball 1-1: Ball 2-1: Foul Ball, location: 2F 2-2: Foul Ball, location: 2F 2-2: Strikes out swinging
|
Top of the 6th over - 0 run(s), 1 hit(s), 0 error(s), 1 left on base; San Bernardino 0 - Casper 1 |
BOTTOM OF THE 6TH |
Casper Ghosts batting - Pitching for San Bernardino Grasshoppers : RHP Delmar Llerena
|
Now in LF: Roberto Ruíz
|
|
Batting: RHB Henry Lambright
|
0-0: Called Strike 0-1: Foul Ball, location: 2F 0-2: Ball 1-2: Strikes out swinging
|
Batting: RHB Jorge Díaz
|
0-0: Called Strike 0-1: DOUBLE (Line Drive, 78D)
|
Batting: RHB Ron Coffman
|
0-0: Called Strike Jorge Díaz steals 3rd base 0-1: Fly out, F9 (Flyball, 9S)
|
Batting: SHB Tim Fowler
|
0-0: 2-RUN HOME RUN (Flyball, 9D), Distance : 389 ft
|
Batting: RHB Warner Robinson
|
0-0: Ball 1-0: Called Strike 1-1: Ball 2-1: Ball 3-1: Called Strike 3-2: Foul Ball, location: 2F 3-2: Strikes out looking
|
Bottom of the 6th over - 2 run(s), 2 hit(s), 0 error(s), 0 left on base; San Bernardino 0 - Casper 3 |
TOP OF THE 7TH |
San Bernardino Grasshoppers batting - Pitching for Casper Ghosts : RHP Jeremy de Vos
|
Batting: LHB Natale Langushi
|
0-0: Ball 1-0: Ball 2-0: Called Strike 2-1: Ball 3-1: Base on Balls
|
Batting: LHB Eric Porter
|
0-0: Ball 1-0: Bunted foul 1-1: Bunted foul 1-2: Ball 2-2: Foul Ball, location: 2F 2-2: Ball 3-2: Base on Balls Natale Langushi to second
|
Batting: RHB Orlando Velásquez
|
0-0: Ball 1-0: Ball 2-0: Swinging Strike 2-1: DOUBLE (Flyball, 89D) Natale Langushi scores Eric Porter to third
|
Batting: LHB Michael Nelson
|
0-0: Ball 1-0: Fly out, F9 (Flyball, 9S)
|
Pinch Hitting: RHB Jaime López
|
0-0: Ground out 4-3 (Groundball, 4) Eric Porter scores Orlando Velásquez to third
|
Batting: RHB Roberto Ruíz
|
0-0: Called Strike 0-1: Called Strike 0-2: Ball 1-2: DOUBLE (Line Drive, 78D) Orlando Velásquez scores
|
Pinch Hitting: RHB Shawn Hicks
|
0-0: Ball 1-0: Foul Ball, location: 2F 1-1: Called Strike 1-2: Ground out 5-3 (Groundball, 56)
|
Top of the 7th over - 3 run(s), 2 hit(s), 0 error(s), 1 left on base; San Bernardino 3 - Casper 3 |
BOTTOM OF THE 7TH |
Casper Ghosts batting - Pitching for San Bernardino Grasshoppers : RHP Delmar Llerena
|
Now at 2B: Jaime López
|
|
Now in CF: Noel King
|
|
Pinch Hitting: LHB Kyle Mann
|
0-0: Ball 1-0: Swinging Strike 1-1: Ball 2-1: Ball 3-1: Base on Balls
|
Pinch Hitting: RHB Félix Ramos
|
0-0: Ball 1-0: Sac Bunt - play at first, batter OUT! 1-3 Kyle Mann to second
|
Batting: RHB Manny Maltby
|
0-0: Ball Kyle Mann is caught stealing 3rd base 1-0: Foul Ball, location: 2F 1-1: Ball 2-1: Ball 3-1: Called Strike 3-2: Base on Balls
|
Batting: RHB Ron Thomas
|
0-0: Ball 1-0: Ball Manny Maltby steals 2nd base 2-0: SINGLE (Line Drive, 8RS) Manny Maltby to third Runner from 3rd tries for Home, SAFE, no throw
|
Batting: RHB Henry Lambright
|
0-0: Ball 1-0: Ball 2-0: Called Strike 2-1: Foul Ball, location: 2F 2-2: Foul Ball, location: 2F 2-2: Strikes out swinging, 2-3 out at first.
|
Bottom of the 7th over - 1 run(s), 1 hit(s), 0 error(s), 1 left on base; San Bernardino 3 - Casper 4 |
TOP OF THE 8TH |
San Bernardino Grasshoppers batting - Pitching for Casper Ghosts : RHP Jeremy de Vos
|
Pitching: RHP Anthony Snyder
|
|
Now at 2B: Ray Millspaugh
|
|
Now in LF: Kyle Mann
|
|
Batting: RHB Griffin Woodfinlevine
|
0-0: Called Strike 0-1: Called Strike 0-2: Ball 1-2: Strikes out looking
|
Pitching: RHP Elmer García
|
|
Batting: RHB Chris Costa
|
0-0: Foul Ball, location: 2F 0-1: Ball 1-1: Called Strike 1-2: Foul Ball, location: 2F 1-2: Ball 2-2: Ground out 5-3 (Groundball, 56)
|
Batting: LHB Natale Langushi
|
0-0: Ball 1-0: Ground out 6-3 (Groundball, 6)
|
Top of the 8th over - 0 run(s), 0 hit(s), 0 error(s), 0 left on base; San Bernardino 3 - Casper 4 |
BOTTOM OF THE 8TH |
Casper Ghosts batting - Pitching for San Bernardino Grasshoppers : RHP Delmar Llerena
|
Batting: RHB Jorge Díaz
|
0-0: Ball 1-0: DOUBLE (Line Drive, 7LM)
|
Pitching: LHP Alfredo Ruíz
|
|
Batting: RHB Ron Coffman
|
0-0: Ball 1-0: Called Strike 1-1: Ball 2-1: Ball 3-1: Base on Balls
|
Batting: SHB Tim Fowler
|
0-0: Foul Ball, location: 2F 0-1: Called Strike 0-2: Ball 1-2: Foul Ball, location: 2F 1-2: Ball 2-2: Strikes out looking
|
Batting: RHB Warner Robinson
|
0-0: Ball 1-0: Ball Jorge Díaz steals 3rd base Ron Coffman to second 2-0: Intentional Walk
|
Pinch Hitting: RHB Mark Davis
|
0-0: Called Strike 0-1: SINGLE (Groundball, 6MD) Jorge Díaz scores Ron Coffman to third Warner Robinson to second
|
Pinch Hitting: RHB Anbrosio Oppenes
|
0-0: SINGLE (Line Drive, 56) Ron Coffman scores Warner Robinson to third Mark Davis to second Throwing error, E7 Warner Robinson scores Mark Davis to third Anbrosio Oppenes to second
|
Batting: RHB Manny Maltby
|
0-0: Called Strike 0-1: Foul Ball, location: 2F 0-2: Ball 1-2: Foul Ball, location: 2F 1-2: Strikes out swinging
|
Batting: RHB Ron Thomas
|
0-0: Ball 1-0: Called Strike 1-1: Called Strike 1-2: Ball 2-2: Foul Ball, location: 2F 2-2: Fly out, F9 (Flyball, 9S)
|
Bottom of the 8th over - 3 run(s), 3 hit(s), 1 error(s), 2 left on base; San Bernardino 3 - Casper 7 |
TOP OF THE 9TH |
San Bernardino Grasshoppers batting - Pitching for Casper Ghosts : RHP Elmer García
|
Now at 2B: Mark Davis
|
|
Now in LF: Roberto De La Cruz
|
|
Batting: LHB Eric Porter
|
0-0: Ball 1-0: Ball 2-0: Foul Ball, location: 2F 2-1: Foul Ball, location: 2F 2-2: Ball 3-2: Strikes out looking
|
Batting: RHB Orlando Velásquez
|
0-0: Fly out, F9 (Flyball, 9)
|
Batting: LHB Michael Nelson
|
0-0: Ball 1-0: Fly out, F7 (Line Drive, 7S)
|
Top of the 9th over - 0 run(s), 0 hit(s), 0 error(s), 0 left on base; San Bernardino 3 - Casper 7 |
|